[Event "DFMMLV 2019"]
[Site "Braunfels"]
[Date "2019.06.21"]
[Round "2.55"]
[White "Marx, Sarah"]
[Black "Reich, Kristina"]
[Result "0-1"]
[ECO "B40"]
[WhiteElo "1068"]
[BlackElo "1544"]
[Annotator "NA RC"]
[PlyCount "76"]
[EventDate "2019.06.20"]
[EventType "team-tourn"]
[EventCountry "GER"]
[SourceTitle "playchess.com"]
[Source "ChessBase"]
[SourceQuality "1"]
[WhiteTeam "Rheinland Pfalz"]
[BlackTeam "Hamburg"]
[TimeControl "40/5400+30:1800+30"]

1. e4 c5 2. Nf3 e6 3. d4 cxd4 4. Bf4 Qa5+ 5. Qd2 Bb4 6. c3 dxc3 7. bxc3 Bc5 8. Bc4 Nc6 9. O-O Nge7 10. Bd6 Bb6 11. Bb4 Nxb4 12. cxb4 Qh5 13. Qd6 Bd8 14. Nc3 O-O 15. Ne2 Ng6 16. Ng3 Qh6 17. Qd2 Qxd2 18. Nxd2 a6 19. a4 b6 20. f4 Nxf4 21. Rxf4 Bg5 22. Rf2 Be3 23. Raf1 Bb7 24. Kh1 Bxf2 25. Rxf2 Rac8 26. h3 Rfd8 27. e5 d6 28. exd6 Rxd6 29. Re2 Kf8 30. Bb3 Rd3 31. Kh2 Rcc3 32. Ba2 Rxg3 33. Bb1 Rge3 34. Rf2 g6 35. Nf1 Re1 36. Nd2 Rcc1 37. Bd3 Rh1+ 38. Kg3 Rc3 0-1

[Event "DFMMLV 2019"]
[Site "Braunfels"]
[Date "2019.06.21"]
[Round "2.56"]
[White "Hoelzer, Jeanette"]
[Black "Kalina, Mandy"]
[Result "1-0"]
[ECO "C50"]
[WhiteElo "1662"]
[BlackElo "1009"]
[Annotator "NA RC"]
[PlyCount "95"]
[EventDate "2019.06.20"]
[EventType "team-tourn"]
[EventCountry "GER"]
[SourceTitle "playchess.com"]
[Source "ChessBase"]
[SourceQuality "1"]
[WhiteTeam "Hamburg"]
[BlackTeam "Rheinland Pfalz"]
[TimeControl "40/5400+30:1800+30"]

1. e4 e5 2. Nf3 Nc6 3. Bc4 Qe7 4. Nc3 Nf6 5. d3 d6 6. Bg5 Be6 7. Nd5 Bxd5 8. Bxd5 h6 9. Bxc6+ bxc6 10. Bxf6 Qxf6 11. c3 Qe6 12. Qa4 Qd7 13. d4 f6 14. Rd1 c5 15. Qxd7+ Kxd7 16. dxe5 Re8 17. O-O fxe5 18. a3 Re6 19. b4 cxb4 20. axb4 Be7 21. Ra1 Ra8 22. Ra2 c6 23. Rfa1 Rc8 24. Rxa7+ Rc7 25. Rxc7+ Kxc7 26. Rd1 c5 27. b5 c4 28. Nd2 Kb6 29. Rb1 Kc5 30. b6 d5 31. b7 Bd6 32. b8=Q Bxb8 33. Rxb8 Rd6 34. f3 Rb6 35. Rxb6 Kxb6 36. exd5 Kc5 37. Ne4+ Kxd5 38. Kf2 Ke6 39. Kg3 Kf5 40. Nd6+ Ke6 41. Nxc4 Kd5 42. Nd2 g6 43. Ne4 Kc4 44. Kg4 Kd3 45. h4 Ke3 46. h5 gxh5+ 47. Kxh5 Kf4 48. Kxh6 1-0

[Event "DFMMLV 2019"]
[Site "Braunfels"]
[Date "2019.06.21"]
[Round "3.1"]
[White "Khrapko, Marharyta"]
[Black "Li, Zhuoling"]
[Result "0-1"]
[ECO "B32"]
[WhiteElo "2074"]
[BlackElo "2140"]
[Annotator "NA"]
[PlyCount "122"]
[EventDate "2019.06.20"]
[EventType "team-tourn"]
[EventCountry "GER"]
[SourceTitle "playchess.com"]
[Source "ChessBase"]
[SourceQuality "1"]
[WhiteTeam "Bayern 1"]
[BlackTeam "Wuerttemberg 1"]
[TimeControl "40/5400+30:1800+30"]

1. e4 c5 2. Nf3 Nc6 3. d4 cxd4 4. Nxd4 e5 5. Nb5 d6 6. N1c3 a6 7. Na3 b5 8. Nd5 Nge7 9. Bg5 f6 10. Be3 Rb8 11. Qh5+ Ng6 12. Bd3 Be6 13. h4 Bf7 14. Qe2 Nge7 15. c4 bxc4 16. Bxc4 Nxd5 17. exd5 Nb4 18. Rd1 Be7 19. Nb1 Bg6 20. Na3 O-O 21. h5 Be8 22. Nb1 e4 23. Nc3 f5 24. a3 Nd3+ 25. Bxd3 exd3 26. Rxd3 Bf6 27. Bd4 Bxd4 28. Rxd4 Bb5 29. Qd2 Re8+ 30. Kd1 Qf6 31. Kc1 Bd7 32. Kb1 Rb7 33. Ka2 Reb8 34. Rb1 Be8 35. g4 fxg4 36. Rf4 Qe5 37. b4 Rc7 38. Rb3 Rbc8 39. Re4 Qxh5 40. Qe3 Bf7 41. Rd4 Qf5 42. Kb2 Re8 43. Qd2 Bg6 44. a4 Rf8 45. b5 axb5 46. axb5 Qxf2 47. b6 Rb7 48. Qxf2 Rxf2+ 49. Ka3 g3 50. Rg4 Rf3 51. Na4 Rxb3+ 52. Kxb3 Be8 53. Nc3 Rxb6+ 54. Kc4 h5 55. Rxg3 Kh7 56. Ne4 Bg6 57. Ng5+ Kh6 58. Ne6 Rb1 59. Rf3 Rc1+ 60. Kd4 Rd1+ 61. Kc4 Be4 {[%emt 0:00:19] Kd4} 0-1

[Event "DFMMLV 2019"]
[Site "Braunfels"]
[Date "2019.06.21"]
[Round "3.2"]
[White "Meier, Annemarie"]
[Black "Siegl, Melina"]
[Result "1/2-1/2"]
[ECO "A10"]
[WhiteElo "2267"]
[BlackElo "2029"]
[Annotator "NA"]
[PlyCount "99"]
[EventDate "2019.06.20"]
[EventType "team-tourn"]
[EventCountry "GER"]
[SourceTitle "playchess.com"]
[Source "ChessBase"]
[SourceQuality "1"]
[WhiteTeam "Wuerttemberg 1"]
[BlackTeam "Bayern 1"]
[TimeControl "40/5400+30:1800+30"]

1. c4 d6 2. Nc3 g6 3. g3 Bg7 4. Bg2 e5 5. e4 Ne7 6. Nge2 O-O 7. O-O Be6 8. d3 Qd7 9. Be3 h6 10. Rc1 Bh3 11. d4 Bxg2 12. Kxg2 Nbc6 13. d5 Nd8 14. c5 g5 15. Qb3 f5 16. f3 f4 17. cxd6 cxd6 18. Bd2 h5 19. Qb5 Ndc6 20. dxc6 bxc6 21. Qd3 Rab8 22. Na4 Rb7 23. b3 Kh8 24. h3 fxg3 25. Bxg5 Bf6 26. Qe3 Ng6 27. h4 Kh7 28. Rh1 Rb5 29. Kxg3 Bxg5 30. hxg5 h4+ 31. Kf2 Kg7 32. Qc3 Qg4 33. Qe3 Rb7 34. Rcg1 Qh5 35. Ng3 hxg3+ 36. Kxg3 Rxf3+ 37. Qxf3 Qxg5+ 38. Qg4 Qe3+ 39. Kh2 Qh6+ 40. Qh3 Qd2+ 41. Rg2 Qf4+ 42. Qg3 Qh6+ 43. Kg1 Qc1+ 44. Kh2 Qh6+ 45. Qh3 Qf4+ 46. Qg3 Qh6+ 47. Qh3 Qf4+ 48. Kg1 Qc1+ 49. Kh2 Qf4+ 50. Qg3 1/2-1/2

[Event "DFMMLV 2019"]
[Site "Braunfels"]
[Date "2019.06.21"]
[Round "3.3"]
[White "Stangl, Anita"]
[Black "Mira, Helene"]
[Result "1-0"]
[ECO "C47"]
[WhiteElo "2010"]
[BlackElo "2029"]
[Annotator "NA"]
[PlyCount "137"]
[EventDate "2019.06.20"]
[EventType "team-tourn"]
[EventCountry "GER"]
[SourceTitle "playchess.com"]
[Source "ChessBase"]
[SourceQuality "1"]
[WhiteTeam "Bayern 1"]
[BlackTeam "Wuerttemberg 1"]
[TimeControl "40/5400+30:1800+30"]

1. e4 e5 2. Nf3 Nc6 3. Bc4 Nf6 4. Nc3 Be7 5. O-O O-O 6. d3 d6 7. h3 Na5 8. Bb3 c6 9. Ne2 Ne8 10. c3 Nxb3 11. Qxb3 g6 12. Bh6 Ng7 13. d4 Qc7 14. Ng5 Qb6 15. Qxb6 axb6 16. Nf3 f6 17. Be3 b5 18. Rfd1 Be6 19. a3 Bb3 20. Rd2 Rfd8 21. d5 f5 22. Bb6 Rdc8 23. Nc1 fxe4 24. Nxe5 Bxd5 25. Ng4 h5 26. Ne3 Be6 27. Bd4 Ne8 28. Nf1 c5 29. Be3 d5 30. Ne2 Bf7 31. Bf4 Bf6 32. Ne3 b4 33. Nxd5 Bxd5 34. Rxd5 bxa3 35. Rxa3 Rxa3 36. bxa3 b6 37. Rd7 Ra8 38. Bc1 b5 39. Rb7 b4 40. cxb4 c4 41. Rd7 c3 42. Ng3 e3 43. fxe3 Be5 44. Ne2 Nd6 45. Nxc3 Rc8 46. Ne2 Rc2 47. Kf1 Ne4 48. Ke1 Ng3 49. Nxg3 Rxc1+ 50. Kf2 Ra1 51. Ra7 Bc3 52. b5 Bb4 53. a4 Bc5 54. Ra8+ Kg7 55. Ne4 Bb6 56. Ra6 Bd8 57. Ra7+ Kh6 58. Nd6 Bb6 59. Ra6 Bc5 60. Ne4 Bb4 61. b6 Be1+ 62. Ke2 Rb1 63. a5 Bh4 64. Ra7 Rb2+ 65. Kd3 Rxg2 66. b7 Rb2 67. a6 Bd8 68. Ra8 Bc7 69. Rc8 1-0

[Event "DFMMLV 2019"]
[Site "Braunfels"]
[Date "2019.06.21"]
[Round "3.4"]
[White "Gheng, Simona"]
[Black "Ankerst, Milka"]
[Result "1-0"]
[ECO "B20"]
[WhiteElo "1991"]
[BlackElo "2005"]
[Annotator "NA"]
[PlyCount "59"]
[EventDate "2019.06.20"]
[EventType "team-tourn"]
[EventCountry "GER"]
[SourceTitle "playchess.com"]
[Source "ChessBase"]
[SourceQuality "1"]
[WhiteTeam "Wuerttemberg 1"]
[BlackTeam "Bayern 1"]
[TimeControl "40/5400+30:1800+30"]

1. e4 c5 2. c4 Nc6 3. Nc3 g6 4. g3 Bg7 5. Bg2 d6 6. d3 e6 7. Nge2 Nge7 8. O-O O-O 9. a3 Rb8 10. Rb1 a6 11. b4 cxb4 12. axb4 b5 13. cxb5 axb5 14. d4 Qd7 15. Be3 f5 16. d5 exd5 17. exf5 Qxf5 18. Nxd5 Rd8 19. Bb6 Rd7 20. Nef4 Nxd5 21. Bxd5+ Kh8 22. Bxc6 Rxb6 23. Bxd7 Bxd7 24. Qe2 h6 25. Rfd1 Ra6 26. Rbc1 Qf7 27. Rc7 Be5 28. Rxd7 Qxd7 29. Nxg6+ Kg7 30. Nxe5 1-0

[Event "DFMMLV 2019"]
[Site "Braunfels"]
[Date "2019.06.21"]
[Round "3.5"]
[White "Mehling, Katharina"]
[Black "Zeller, Elisa"]
[Result "0-1"]
[ECO "C07"]
[WhiteElo "1974"]
[BlackElo "1953"]
[Annotator "NA"]
[PlyCount "64"]
[EventDate "2019.06.20"]
[EventType "team-tourn"]
[EventCountry "GER"]
[SourceTitle "playchess.com"]
[Source "ChessBase"]
[SourceQuality "1"]
[WhiteTeam "Bayern 1"]
[BlackTeam "Wuerttemberg 1"]
[TimeControl "40/5400+30:1800+30"]

1. e4 e6 2. d4 d5 3. Nd2 c5 4. exd5 Qxd5 5. Ngf3 cxd4 6. Bc4 Qd7 7. O-O Nc6 8. Nb3 a6 9. a4 Nf6 10. Qe2 Qc7 11. Nbxd4 Nxd4 12. Nxd4 Be7 13. b3 O-O 14. Bb2 e5 15. Nf3 e4 16. Nd2 Bg4 17. Qe3 Bf5 18. Qg5 Bg6 19. Rfe1 e3 20. Qxe3 Ng4 21. Qxe7 Qxh2+ 22. Kf1 Rae8 23. Qxf8+ Rxf8 24. Nf3 Qh1+ 25. Ng1 Nh2+ 26. Ke2 Qxg2 27. Kd2 Qxf2+ 28. Re2 Qf4+ 29. Ke1 Ng4 30. Bc3 Qg3+ 31. Kd2 Rd8+ 32. Kc1 Qxc3 0-1

[Event "DFMMLV 2019"]
[Site "Braunfels"]
[Date "2019.06.21"]
[Round "3.6"]
[White "Heil, Marina"]
[Black "Braun, Kristin"]
[Result "1/2-1/2"]
[ECO "B20"]
[WhiteElo "1979"]
[BlackElo "1895"]
[Annotator "NA"]
[PlyCount "51"]
[EventDate "2019.06.20"]
[EventType "team-tourn"]
[EventCountry "GER"]
[SourceTitle "playchess.com"]
[Source "ChessBase"]
[SourceQuality "1"]
[WhiteTeam "Wuerttemberg 1"]
[BlackTeam "Bayern 1"]
[TimeControl "40/5400+30:1800+30"]

1. e4 c5 2. d3 a6 3. f4 b5 4. a3 Bb7 5. Nf3 e6 6. Be2 d5 7. Nbd2 Nf6 8. e5 Ng4 9. Nf1 Be7 10. h3 Nh6 11. Be3 Nf5 12. Bf2 Nh4 13. Rg1 Nxf3+ 14. Bxf3 Nc6 15. Qe2 a5 16. Nd2 a4 17. c3 b4 18. Rb1 Qa5 19. c4 Nd4 20. Bxd4 cxd4 21. Kf2 O-O 22. Rgd1 Rab8 23. axb4 Bxb4 24. Ra1 Bxd2 25. Rxd2 dxc4 26. dxc4 1/2-1/2

[Event "DFMMLV 2019"]
[Site "Braunfels"]
[Date "2019.06.21"]
[Round "3.7"]
[White "Woniak, Katarzyna"]
[Black "Valkova, Anzhelika"]
[Result "1-0"]
[ECO "A05"]
[WhiteElo "1915"]
[BlackElo "1944"]
[Annotator "NA"]
[PlyCount "97"]
[EventDate "2019.06.20"]
[EventType "team-tourn"]
[EventCountry "GER"]
[SourceTitle "playchess.com"]
[Source "ChessBase"]
[SourceQuality "1"]
[WhiteTeam "Bayern 1"]
[BlackTeam "Wuerttemberg 1"]
[TimeControl "40/5400+30:1800+30"]

1. Nf3 Nf6 2. g3 g6 3. Bg2 Bg7 4. O-O O-O 5. c4 d6 6. Nc3 c5 7. d3 Nc6 8. Rb1 Nd7 9. Nd5 e6 10. Ne3 Rb8 11. Nc2 b5 12. cxb5 Rxb5 13. d4 cxd4 14. Nfxd4 Nxd4 15. Nxd4 Rb6 16. Be3 Ne5 17. Nb3 Ra6 18. a3 Nc4 19. Bd4 e5 20. Bc3 Be6 21. Nd2 Qb6 22. Nxc4 Bxc4 23. Bb4 Rd8 24. Rc1 Qb5 25. Re1 Bh6 26. e3 d5 27. b3 Bd3 28. Rc5 Qb6 29. Qxd3 e4 30. Qc2 Bf8 31. Bf1 Bxc5 32. Bxc5 Qa5 33. Bb4 Qb6 34. Bxa6 Qxa6 35. Rc1 Qb5 36. Qc7 Ra8 37. Qe5 Re8 38. Qd4 Qd7 39. Bc3 Kf8 40. Qg7+ Ke7 41. Qxh7 Qf5 42. Qg7 Ke6 43. Bd4 Kd7 44. Bxa7 Qf3 45. Qd4 Rd8 46. Qxd5+ Ke8 47. Qe5+ Kf8 48. Bd4 Re8 49. Bc5+ 1-0

[Event "DFMMLV 2019"]
[Site "Braunfels"]
[Date "2019.06.21"]
[Round "3.8"]
[White "Noppes, Marina"]
[Black "Spiel, Marianne"]
[Result "1-0"]
[ECO "A46"]
[WhiteElo "1983"]
[BlackElo "1894"]
[Annotator "NA"]
[PlyCount "33"]
[EventDate "2019.06.20"]
[EventType "team-tourn"]
[EventCountry "GER"]
[SourceTitle "playchess.com"]
[Source "ChessBase"]
[SourceQuality "1"]
[WhiteTeam "Wuerttemberg 1"]
[BlackTeam "Bayern 1"]
[TimeControl "40/5400+30:1800+30"]

1. d4 Nf6 2. Nf3 d5 3. c4 c6 4. g3 Bf5 5. Bg2 Bxb1 6. Rxb1 Qa5+ 7. Bd2 Qxa2 8. c5 Ne4 9. O-O Nd7 10. Qc2 Nxd2 11. Qxd2 g6 12. Ra1 Qb3 13. Ra3 Qb5 14. Ra5 Qb3 15. Rfa1 b6 16. R1a3 Qc4 17. b3 1-0

[Event "DFMMLV 2019"]
[Site "Braunfels"]
[Date "2019.06.21"]
[Round "3.9"]
[White "Hess, Olena"]
[Black "Steinbacher, Claudia"]
[Result "1-0"]
[ECO "B38"]
[WhiteElo "2097"]
[BlackElo "2080"]
[Annotator "NA"]
[PlyCount "77"]
[EventDate "2019.06.20"]
[EventType "team-tourn"]
[EventCountry "GER"]
[SourceTitle "playchess.com"]
[Source "ChessBase"]
[SourceQuality "1"]
[WhiteTeam "NRW"]
[BlackTeam "Sachsen"]
[TimeControl "40/5400+30:1800+30"]

1. Nf3 Nf6 2. c4 c5 3. d4 cxd4 4. Nxd4 d6 5. Nc3 g6 6. e4 Bg7 7. Be2 Nc6 8. Be3 O-O 9. O-O Bd7 10. Qd2 Nxd4 11. Bxd4 Bc6 12. f3 a6 13. Rfd1 Nd7 14. Be3 Rb8 15. Rac1 b5 16. cxb5 Bxb5 17. b3 Nf6 18. Nxb5 axb5 19. Qb4 Qd7 20. Rc2 Rfc8 21. Rxc8+ Qxc8 22. Rc1 Qb7 23. a4 d5 24. Qxb5 Qxb5 25. Bxb5 dxe4 26. Bf4 Rf8 27. Bc6 exf3 28. gxf3 Nh5 29. Be3 Rd8 30. Bb7 Bd4 31. Bxd4 Rxd4 32. a5 Nf4 33. Ra1 Ne2+ 34. Kf2 Nc3 35. a6 Nb5 36. a7 Nxa7 37. Rxa7 e6 38. Ba6 Rd2+ 39. Be2 1-0

[Event "DFMMLV 2019"]
[Site "Braunfels"]
[Date "2019.06.21"]
[Round "3.10"]
[White "Arnhold, Steffi"]
[Black "Plass, Mariana-Camelia"]
[Result "0-1"]
[ECO "B98"]
[WhiteElo "1996"]
[BlackElo "2042"]
[Annotator "NA"]
[PlyCount "66"]
[EventDate "2019.06.20"]
[EventType "team-tourn"]
[EventCountry "GER"]
[SourceTitle "playchess.com"]
[Source "ChessBase"]
[SourceQuality "1"]
[WhiteTeam "Sachsen"]
[BlackTeam "NRW"]
[TimeControl "40/5400+30:1800+30"]

1. e4 c5 2. Nc3 a6 3. Nf3 d6 4. d4 cxd4 5. Nxd4 Nf6 6. Bg5 e6 7. f4 Be7 8. Qe2 Qa5 9. O-O-O Nbd7 10. g4 h6 11. Bh4 g5 12. Nb3 Qc7 13. fxg5 Nh7 14. g6 Bxh4 15. gxh7 Ne5 16. Kb1 Rxh7 17. Qd2 Be7 18. Be2 Bd7 19. Nd4 Bg5 20. Qe1 O-O-O 21. h4 Be7 22. Rh3 Kb8 23. Qh1 Rg8 24. Rg3 Qd8 25. Nf3 Rxg4 26. Qh3 Rxg3 27. Qxg3 Nxf3 28. Bxf3 Bc6 29. h5 Qh8 30. Rg1 Kc7 31. Be2 Bf6 32. Qe3 Bd4 33. Qg3 Bf6 0-1

[Event "DFMMLV 2019"]
[Site "Braunfels"]
[Date "2019.06.21"]
[Round "3.11"]
[White "Sokalska, Viktorija"]
[Black "Daemering, Katrin"]
[Result "1-0"]
[ECO "B20"]
[WhiteElo "1961"]
[BlackElo "2003"]
[Annotator "NA"]
[PlyCount "81"]
[EventDate "2019.06.20"]
[EventType "team-tourn"]
[EventCountry "GER"]
[SourceTitle "playchess.com"]
[Source "ChessBase"]
[SourceQuality "1"]
[WhiteTeam "NRW"]
[BlackTeam "Sachsen"]
[TimeControl "40/5400+30:1800+30"]

1. e4 c5 2. b3 d6 3. Bb2 a6 4. f4 e5 5. Nf3 exf4 6. Bc4 Be6 7. Qe2 b5 8. Bxe6 fxe6 9. O-O e5 10. Nxe5 dxe5 11. Qh5+ Kd7 12. Qf5+ Kc6 13. Qxe5 Nf6 14. a4 Bd6 15. Qf5 Qd7 16. axb5+ Kb6 17. Qg5 h6 18. Qg6 Qg4 19. Qf7 Ra7 20. Qc4 axb5 21. Qd3 Rd7 22. h3 Qg3 23. Qxg3 fxg3 24. e5 Bxe5 25. Bxe5 Ne4 26. d3 Ng5 27. Bxg3 Nc6 28. Nc3 Nd4 29. Rf2 Re8 30. h4 Nge6 31. Ne4 Nc7 32. Bxc7+ Rxc7 33. Nd6 Re6 34. Nf5 Nc6 35. Ng3 Nd4 36. Ne4 Rce7 37. Rb1 Nc6 38. Rbf1 Nd4 39. Rb1 Nc6 40. Nc3 Nd4 41. Nd5+ 1-0

[Event "DFMMLV 2019"]
[Site "Braunfels"]
[Date "2019.06.21"]
[Round "3.12"]
[White "Nagel, Verena"]
[Black "Sokalskaja, Elena"]
[Result "0-1"]
[ECO "A48"]
[WhiteElo "2029"]
[BlackElo "2014"]
[Annotator "NA"]
[PlyCount "84"]
[EventDate "2019.06.20"]
[EventType "team-tourn"]
[EventCountry "GER"]
[SourceTitle "playchess.com"]
[Source "ChessBase"]
[SourceQuality "1"]
[WhiteTeam "Sachsen"]
[BlackTeam "NRW"]
[TimeControl "40/5400+30:1800+30"]

1. d4 Nf6 2. Nf3 g6 3. e3 Bg7 4. b3 c5 5. Bd3 Nc6 6. Bb2 O-O 7. O-O cxd4 8. exd4 d5 9. Nbd2 Nb4 10. Be2 Bf5 11. c3 Nd3 12. Bxd3 Bxd3 13. Re1 Rc8 14. Ne5 Bf5 15. g4 Be6 16. g5 Nh5 17. Qf3 b5 18. Ba3 Rc7 19. Bc5 Qc8 20. b4 f6 21. gxf6 Rxf6 22. Qd3 Nf4 23. Qxb5 Nh3+ 24. Kh1 Nxf2+ 25. Kg1 Nh3+ 26. Kh1 Nf2+ 27. Kg1 Bh6 28. Nf1 Nh3+ 29. Kh1 Bf5 30. Ng3 Be4+ 31. Nxe4 dxe4 32. Rf1 Nf2+ 33. Rxf2 Rxf2 34. d5 e3 35. Nd3 Qh3 36. Nxf2 Qf3+ 37. Kg1 Qxf2+ 38. Kh1 Bf4 39. Qb8+ Kf7 40. Qe8+ Kg7 41. Bd4+ Kh6 42. Qf8+ Kh5 0-1

[Event "DFMMLV 2019"]
[Site "Braunfels"]
[Date "2019.06.21"]
[Round "3.13"]
[White "Schmidt, Andrea"]
[Black "Just, Anita"]
[Result "1/2-1/2"]
[ECO "C01"]
[WhiteElo "2006"]
[BlackElo "1866"]
[Annotator "NA"]
[PlyCount "65"]
[EventDate "2019.06.20"]
[EventType "team-tourn"]
[EventCountry "GER"]
[SourceTitle "playchess.com"]
[Source "ChessBase"]
[SourceQuality "1"]
[WhiteTeam "NRW"]
[BlackTeam "Sachsen"]
[TimeControl "40/5400+30:1800+30"]

1. e4 e6 2. d4 d5 3. exd5 exd5 4. Nf3 Nc6 5. Bb5 Bd6 6. c3 Nge7 7. Bg5 f6 8. Bh4 Bg4 9. Bg3 Qd7 10. Bxd6 Qxd6 11. Nbd2 O-O-O 12. Qa4 Qe6+ 13. Kd1 Kb8 14. Re1 Bxf3+ 15. Nxf3 Qg4 16. Bf1 Nc8 17. h3 Qf5 18. Qc2 Qxc2+ 19. Kxc2 Nd6 20. Bd3 Rde8 21. Nd2 f5 22. g3 g6 23. b4 Kc8 24. Nf3 Kd8 25. b5 Na5 26. Ne5 Re7 27. f4 Rhe8 28. a4 Ndc4 29. Bxc4 Nxc4 30. a5 Kc8 31. Reb1 Re6 32. h4 b6 33. a6 1/2-1/2

[Event "DFMMLV 2019"]
[Site "Braunfels"]
[Date "2019.06.21"]
[Round "3.14"]
[White "Lowke, Kathrin"]
[Black "Hiebsch, Catalina"]
[Result "0-1"]
[ECO "C64"]
[WhiteElo "1887"]
[BlackElo "1760"]
[Annotator "NA"]
[PlyCount "72"]
[EventDate "2019.06.20"]
[EventType "team-tourn"]
[EventCountry "GER"]
[SourceTitle "playchess.com"]
[Source "ChessBase"]
[SourceQuality "1"]
[WhiteTeam "Sachsen"]
[BlackTeam "NRW"]
[TimeControl "40/5400+30:1800+30"]

1. e4 e5 2. Nf3 Nc6 3. Bb5 Bc5 4. O-O d6 5. h3 Bd7 6. c3 Nf6 7. Re1 O-O 8. d4 exd4 9. cxd4 Bb4 10. Bd2 Bxd2 11. Nbxd2 a6 12. Ba4 b5 13. Bb3 Na5 14. Bc2 c5 15. e5 dxe5 16. dxc5 Qc7 17. Rxe5 Bc6 18. b4 Bxf3 19. Nxf3 Nc6 20. Re2 Nxb4 21. Qd4 Nxc2 22. Rxc2 Rfd8 23. Qb4 Nd5 24. Qb3 Rac8 25. a4 b4 26. a5 Rb8 27. Qc4 Rb5 28. Nd4 Rbb8 29. Qxa6 b3 30. Rb2 Qxc5 31. Ne2 Nb4 32. Qb6 Rxb6 33. axb6 Qxb6 34. Rxb3 Qd6 35. Rab1 Nc6 36. Ng3 Rb8 0-1

[Event "DFMMLV 2019"]
[Site "Braunfels"]
[Date "2019.06.21"]
[Round "3.15"]
[White "Hoerhold, Karola"]
[Black "von Keyserlingk, Chanda"]
[Result "1/2-1/2"]
[ECO "B23"]
[WhiteElo "1727"]
[BlackElo "1702"]
[Annotator "NA"]
[PlyCount "53"]
[EventDate "2019.06.20"]
[EventType "team-tourn"]
[EventCountry "GER"]
[SourceTitle "playchess.com"]
[Source "ChessBase"]
[SourceQuality "1"]
[WhiteTeam "NRW"]
[BlackTeam "Sachsen"]
[TimeControl "40/5400+30:1800+30"]

1. e4 c5 2. Nc3 d6 3. f4 Nc6 4. Nf3 g6 5. Bb5 Bg7 6. Bxc6+ bxc6 7. d3 Nf6 8. O-O O-O 9. Qe1 e6 10. Bd2 Rb8 11. b3 Ne8 12. Rd1 Nc7 13. Qg3 Nb5 14. Nxb5 cxb5 15. c4 b4 16. Be3 Qc7 17. d4 cxd4 18. Nxd4 Bd7 19. f5 Be5 20. Qh3 Bxd4 21. Bxd4 e5 22. Qh6 f6 23. fxg6 Bg4 24. Rd3 Qg7 25. gxh7+ Qxh7 26. Qxh7+ Kxh7 27. Bxa7 1/2-1/2

[Event "DFMMLV 2019"]
[Site "Braunfels"]
[Date "2019.06.21"]
[Round "3.16"]
[White "Gottschall, Ina"]
[Black "Haehnel, Andrea"]
[Result "1-0"]
[ECO "A40"]
[WhiteElo "1637"]
[BlackElo "1746"]
[Annotator "NA"]
[PlyCount "59"]
[EventDate "2019.06.20"]
[EventType "team-tourn"]
[EventCountry "GER"]
[SourceTitle "playchess.com"]
[Source "ChessBase"]
[SourceQuality "1"]
[WhiteTeam "Sachsen"]
[BlackTeam "NRW"]
[TimeControl "40/5400+30:1800+30"]

1. d4 e6 2. Nf3 f5 3. g3 Nf6 4. Bg5 Be7 5. Bg2 O-O 6. c4 Ne4 7. Bxe7 Qxe7 8. O-O d6 9. Nc3 Nxc3 10. bxc3 e5 11. dxe5 dxe5 12. Qd5+ Be6 13. Qxb7 Nd7 14. Nd2 e4 15. Qb4 Qf7 16. Rab1 Ne5 17. Qa4 Qh5 18. Qa6 Qh6 19. Rfd1 Rf6 20. Qb7 Raf8 21. Qxc7 Ng4 22. h3 Nxf2 23. Kxf2 e3+ 24. Kg1 f4 25. Ne4 R6f7 26. Qe5 Bxc4 27. Rd6 Qxd6 28. Nxd6 Bxe2 29. Nxf7 f3 30. Qxe3 1-0

[Event "DFMMLV 2019"]
[Site "Braunfels"]
[Date "2019.06.21"]
[Round "3.17"]
[White "Kushka, Alena"]
[Black "Braeutigam, Irina"]
[Result "0-1"]
[ECO "A41"]
[WhiteElo "2148"]
[BlackElo "1973"]
[Annotator "NA"]
[PlyCount "86"]
[EventDate "2019.06.20"]
[EventType "team-tourn"]
[EventCountry "GER"]
[SourceTitle "playchess.com"]
[Source "ChessBase"]
[SourceQuality "1"]
[WhiteTeam "Hessen 1"]
[BlackTeam "Schleswig Holstein"]
[TimeControl "40/5400+30:1800+30"]

1. d4 d6 2. Nf3 Nd7 3. g3 g6 4. Bg2 Bg7 5. O-O e5 6. c4 Ne7 7. Nc3 O-O 8. e4 a5 9. b3 exd4 10. Nxd4 Nc5 11. Bb2 Bd7 12. Rb1 f5 13. f4 Nc6 14. Nxc6 Bxc6 15. exf5 Bxg2 16. Kxg2 gxf5 17. Re1 Qd7 18. Nd5 Ne4 19. Qd3 Rae8 20. Ne3 b6 21. Bxg7 Kxg7 22. Re2 Nc5 23. Qd4+ Kg6 24. Rbe1 Re4 25. Qd5 Rfe8 26. g4 fxg4 27. Qg5+ Kf7 28. Kg1 Kf8 29. Nf5 Qf7 30. Nh6 Qg6 31. Qxg6 hxg6 32. Rxe4 Rxe4 33. Rxe4 Nxe4 34. Nxg4 Nc3 35. Kf2 Nxa2 36. Ne3 Nc1 37. Nd5 Nxb3 38. Nxc7 Nd2 39. Ke3 Nxc4+ 40. Kd4 Na3 41. Kd5 Ke7 42. Kc6 b5 43. Kb6 b4 0-1

[Event "DFMMLV 2019"]
[Site "Braunfels"]
[Date "2019.06.21"]
[Round "3.18"]
[White "Glinzner, Alva"]
[Black "Bluebaum, Johanna"]
[Result "1-0"]
[ECO "C00"]
[WhiteElo "1833"]
[BlackElo "2003"]
[Annotator "NA"]
[PlyCount "152"]
[EventDate "2019.06.20"]
[EventType "team-tourn"]
[EventCountry "GER"]
[SourceTitle "playchess.com"]
[Source "ChessBase"]
[SourceQuality "1"]
[WhiteTeam "Schleswig Holstein"]
[BlackTeam "Hessen 1"]
[TimeControl "40/5400+30:1800+30"]

1. e4 e6 2. d3 d5 3. Nd2 Nf6 4. g3 dxe4 5. dxe4 Bc5 6. Bg2 e5 7. Ngf3 Nc6 8. O-O O-O 9. c3 h6 10. Qc2 Be6 11. h3 Qe7 12. Nh4 Rfd8 13. Kh2 Rd7 14. f4 exf4 15. gxf4 Ng4+ 16. Kg3 Ne3 17. Qb1 Nxf1+ 18. Nxf1 Rad8 19. Nf3 Bc4 20. b4 Bb6 21. a4 Bd3 22. Qb3 a6 23. e5 a5 24. b5 Nb8 25. Ne3 Qe8 26. Nh4 g5 27. Nhf5 gxf4+ 28. Kxf4 Kh8 29. Bxb7 Qg8 30. Nxh6 Qg6 31. Nhg4 Rg8 32. Bd5 Bxe3+ 33. Kxe3 Bc2 34. Qc4 Rgd8 35. Be4 Bxe4 36. Qxe4 Qxe4+ 37. Kxe4 Rd1 38. Bb2 Rxa1 39. Bxa1 Rd1 40. Bb2 Nd7 41. c4 Nc5+ 42. Ke3 Ne6 43. Bc3 Rc1 44. Kd2 Rh1 45. Nf2 Rh2 46. Ke3 Rg2 47. Kf3 Rg1 48. Ne4 Rc1 49. Ke3 Rh1 50. Nf2 Rc1 51. Kd2 Rg1 52. c5 Kh7 53. b6 Nxc5 54. bxc7 Rg8 55. Ke3 Nb7 56. Ng4 Rc8 57. Nf6+ Kg6 58. Nd5 Kg5 59. Bd4 Kh4 60. Bb6 Re8 61. Kf4 Kxh3 62. Kf5 Kg3 63. Nf6 Rh8 64. Ne4+ Kf3 65. Nd6 Rh5+ 66. Kf6 Rh6+ 67. Kg7 Rxd6 68. c8=Q Rxb6 69. Qc3+ Ke4 70. Kxf7 Kd5 71. Qd3+ Kc5 72. e6 Nd6+ 73. Kf6 Rb4 74. Qe3+ Kc6 75. e7 Rxa4 76. e8=Q+ Kd5 1-0

[Event "DFMMLV 2019"]
[Site "Braunfels"]
[Date "2019.06.21"]
[Round "3.19"]
[White "Barpiyeva, Gulsana"]
[Black "Leib, Britta"]
[Result "1/2-1/2"]
[ECO "E73"]
[WhiteElo "2018"]
[BlackElo "1884"]
[Annotator "NA"]
[PlyCount "94"]
[EventDate "2019.06.20"]
[EventType "team-tourn"]
[EventCountry "GER"]
[SourceTitle "playchess.com"]
[Source "ChessBase"]
[SourceQuality "1"]
[WhiteTeam "Hessen 1"]
[BlackTeam "Schleswig Holstein"]
[TimeControl "40/5400+30:1800+30"]

1. d4 g6 2. c4 Nf6 3. Nc3 Bg7 4. e4 d6 5. Be2 c6 6. Be3 Qc7 7. f3 h5 8. Qd2 Nbd7 9. Nh3 a6 10. Nf2 O-O 11. O-O e5 12. Rfd1 Re8 13. Rac1 Nf8 14. d5 c5 15. a3 Bd7 16. b4 b6 17. Rb1 Rec8 18. Rdc1 Rab8 19. h3 N8h7 20. Rb3 Be8 21. g4 Qd8 22. Rcb1 hxg4 23. hxg4 Nd7 24. Bd3 Bf6 25. Nh3 Be7 26. Kh2 a5 27. Nb5 Ra8 28. bxa5 Rxa5 29. Rg1 Rca8 30. Qc1 Ndf8 31. Nc3 Qb8 32. Qb2 R5a6 33. Bc1 Bd7 34. Qb1 Bd8 35. Nb5 Ra4 36. g5 Be7 37. Nc3 R4a6 38. Rg2 Qd8 39. Nb5 Bxh3 40. Kxh3 Nxg5+ 41. Bxg5 Bxg5 42. Rg4 Be7 43. Qc1 Kg7 44. Rb2 Nd7 45. Rh2 Nf6 46. Rg1 Nh5 47. Bf1 Qd7+ 1/2-1/2